 Dungeon Crawl Stone Soup version 0.27.0-1-g7a089689b8 (webtiles) character file.

Game seed: 617300541395760297

6384 DunceCap the Grappler (level 10, -3/102 HPs)
             Began as a Troll Hunter on Aug 9, 2021.
             Was a High Priest of Okawaru.
             Slain by a killer bee (4 damage)
             ... on level 10 of the Dungeon.
             The game lasted 00:30:15 (6640 turns).

DunceCap the Grappler (Troll Hunter)                Turns: 6640, Time: 00:30:16

Health: -3/102     AC:  9    Str: 30    XL:     10   Next: 65%
Magic:  9/9        EV:  9    Int:  8    God:    Okawaru [*****.]
Gold:   689        SH:  0    Dex: 16    Spells: 9/9 levels left

rFire    . . .     SeeInvis .     - Unarmed
rCold    . . .     Faith    .   (no shield)
rNeg     . . .     Spirit   .   H - +0 acid dragon scales
rPois    .         Reflect  .   (helmet restricted)
rElec    .         Harm     .   y - +0 cloak
rCorr    +         Rampage  .   (gloves unavailable)
Will     .....                  (boots unavailable)
Stlth    +.........             b - amulet of the acrobat
HPRegen  1.27/turn              D - +6 ring of strength
MPRegen  0.11/turn              r - +6 ring of dexterity

@: lethally poisoned (-3 -> -5)
A: large, unfitting armour, claws 3, regeneration 1, shaggy fur 1, tough skin 1
a: Renounce Religion, Heroism, Finesse


You were on level 10 of the Dungeon.
You worshipped Okawaru.
Okawaru was extremely pleased with you.
You visited 2 branches of the dungeon, and saw 11 of its levels.

You collected 689 gold pieces.

Inventory:

Missiles
 c - 5 large rocks (quivered)
 d - 2 throwing nets
 s - 4 javelins
 B - 4 poisoned darts
 F - 6 boomerangs
Armour
 y - a +0 cloak (worn)
 H - +0 acid dragon scales (worn)
Magical Staves
 w - a staff of poison
Jewellery
 b - an amulet of the acrobat (around neck)
 r - a +6 ring of dexterity (right claw)
 D - a +6 ring of strength (left claw)
 G - a ring of fire
Wands
 o - a wand of iceblast (3)
 u - a wand of flame (41)
 x - a wand of polymorph (10)
 I - a wand of acid (20)
Scrolls
 a - a scroll of amnesia {unknown}
 i - a scroll of fear
 j - a scroll of immolation {unknown}
 k - a scroll of silence {unknown}
 q - 4 scrolls of teleportation
 v - a scroll of magic mapping {unknown}
 z - a scroll of holy word {unknown}
 A - 2 scrolls of enchant armour {unknown}
 C - a scroll of blinking {unknown}
 E - a scroll of summoning {unknown}
Potions
 e - a potion of curing
 f - 3 potions of brilliance
 g - a potion of mutation {unknown}
 h - 2 potions of cancellation {unknown}
 l - a potion of heal wounds {unknown}
 m - a potion of haste {unknown}
 n - 2 potions of invisibility {unknown}
 p - a potion of might {unknown}
 t - 2 potions of flight {unknown}


   Skills:
 + Level 7.5 Fighting
 + Level 8.9 Throwing
 - Level 1.5 Dodging
 - Level 0.3 Stealth
 + Level 10.4 Unarmed Combat


You had 9 spell levels left.
You didn't know any spells.
Your spell library contained the following spells:

 Spells                   Type           Power      Damage    Failure   Level
 Call Canine Familiar     Summ           0%         N/A       83%         3
 Portal Projectile        Hex/Tloc       0%         N/A       83%         3
 Summon Guardian Golem    Hex/Summ       0%         N/A       83%         3
 Leda's Liquefaction      Hex/Erth       0%         N/A       99%         4
 Orb of Destruction       Conj           0%         N/A       100%        7
 Spellforged Servitor     Conj/Summ      0%         N/A       100%        7


Dungeon Overview and Level Annotations

Branches:
Dungeon (10/15)            Temple (1/1) D:4             Orc (0/2) D:9
   Lair: D:8-11

Altars:
Ashenzari
Cheibriados
Dithmenos
Elyvilon
Fedhas
Gozag
Kikubaaqudgha
Makhleb
Nemelex Xobeh
Okawaru
Qazlal
Ru
Sif Muna
Trog
Uskayaw
Vehumet
Wu Jian
Xom
Yredelemnul
Zin
The Shining One

Shops:
D:4 [


Innate Abilities, Weirdness & Mutations

You are too large for most types of armour.
You have claws for hands.
Your natural rate of healing is unusually fast.
You are covered in fur. (AC +1)
You have tough skin. (AC +1)


Message History

You are more poisoned.
The killer bee poisons you!
You scratch the killer bee.
You kill the killer bee!
Okawaru accepts your kill.
You feel very sick.
The killer bee stings you but does no damage. x2
The killer bee stings you!
* * * LOW HITPOINT WARNING * * *
You are more poisoned.
The killer bee poisons you!
You feel better. The killer bee stings you.
The killer bee stings you but does no damage. x2
The killer bee stings you.
* * * LOW HITPOINT WARNING * * *
The killer bee stings you but does no damage.
The killer bee barely misses you.
You barely miss the killer bee.
The killer bee stings you but does no damage.
The killer bee stings you.
* * * LOW HITPOINT WARNING * * *
You are poisoned.
The killer bee poisons you! The killer bee stings you.
* * * LOW HITPOINT WARNING * * *
The killer bee stings you.
* * * LOW HITPOINT WARNING * * *
The killer bee stings you but does no damage.
The killer bee barely misses you.
You claw the killer bee!
The killer bee is severely wounded.
You feel sick. The killer bee stings you.
* * * LOW HITPOINT WARNING * * *
The killer bee stings you but does no damage.
The killer bee stings you.
* * * LOW HITPOINT WARNING * * *
You are more poisoned.
The killer bee poisons you! The killer bee barely misses you.
The killer bee stings you but does no damage.
The killer bee stings you.
You die...

###................
##..................
....................
.........................
.......................[.
##...............).......
#........................
...#............†y.......
..#.............@y.......
..#..............y.......
..#.................!.###
.#...)................+
.)....................#
.)......................
#.......................
........................
....................


You could see 3 killer bees.

Vanquished Creatures
  2 two-headed ogres
  A gargoyle (D:9)
  5 yaks (D:9)
  A steam dragon (D:10)
  Grum (D:8)
  An acid dragon (D:8)
  3 water moccasins
  A sky beast (D:8)
  An ice beast (D:6)
  An orc warrior (D:8)
  A necrophage (D:4)
  4 wolves (D:8)
  8 ogres
  2 centaurs (D:9)
  2 phantoms
  A kobold brigand (D:8)
  2 bullfrogs
  A gnoll sergeant (D:10)
  2 scorpions
  A water moccasin skeleton (D:6)
  9 killer bees
  3 wights (D:6)
  3 howler monkeys (D:7)
  A crimson imp (D:8)
  2 jellies
  3 hounds
  Crazy Yiuf (D:5)
  An orc priest (D:8)
  An iron imp (D:4)
  8 iguanas
  3 orc wizards (D:8)
  3 gnolls (D:10)
  An adder (D:5)
  A shadow imp (D:8)
  3 white imps
  2 dart slugs
  12 orcs
  5 endoplasms
  4 giant cockroaches (D:1)
  4 goblins
  6 hobgoblins
  6 jackals
  4 quokkas
  5 ball pythons
  4 bats
  4 frilled lizards
  10 kobolds
  5 rats
155 creatures vanquished.

Vanquished Creatures (others)
  A human (D:7)
1 creature vanquished.

Grand Total: 156 creatures vanquished

Notes
Turn   | Place    | Note
-------+----------+-------------------------------------------
     0 | D:1      | DunceCap the Troll Hunter began the quest for the Orb.
     0 | D:1      | Reached XP level 1. HP: 19/19 MP: 0/0
    49 | D:1      | Reached skill level 1 in Unarmed Combat
    66 | D:1      | Reached XP level 2. HP: 22/28 MP: 1/1
   366 | D:1      | Reached XP level 3. HP: 33/35 MP: 2/2
   529 | D:2      | Reached skill level 2 in Unarmed Combat
   829 | D:2      | Found a faded altar of an unknown god.
   875 | D:2      | Found a glowing golden altar of the Shining One.
  1243 | D:3      | Noticed an ogre
  1248 | D:3      | Killed an ogre
  1249 | D:3      | Reached skill level 3 in Unarmed Combat
  1249 | D:3      | Reached XP level 4. HP: 31/44 MP: 3/3
  1249 | D:3      | Reached XP level 5. HP: 35/50 MP: 4/4
  1727 | D:4      | Noticed a necrophage
  1734 | D:4      | Killed a necrophage
  1775 | D:4      | Found Ojoererau's Armour Shop.
  1806 | D:4      | Found a staircase to the Ecumenical Temple.
  1958 | D:4      | Reached skill level 4 in Unarmed Combat
  2007 | Temple   | Entered the Ecumenical Temple
  2218 | Temple   | Became a worshipper of Warmaster Okawaru
  2298 | D:4      | Noticed an ogre
  2299 | D:4      | Killed an ogre
  2300 | D:4      | Reached XP level 6. HP: 61/61 MP: 5/5
  2368 | D:4      | Found a snail-covered altar of Cheibriados.
  2617 | D:5      | Entered Level 5 of the Dungeon
  2659 | D:5      | Noticed a water moccasin
  2668 | D:5      | Killed a water moccasin
  2669 | D:5      | Reached skill level 5 in Unarmed Combat
  2669 | D:5      | Reached XP level 7. HP: 37/67 MP: 6/6
  2678 | D:5      | Reached * piety under Okawaru
  2679 | D:5      | Reached skill level 5 in Throwing
  2879 | D:5      | Found a radiant altar of Vehumet.
  2902 | D:5      | Identified the +5 mace of Stickiness {flame, *Noise +Blink
                  | rElec rC+ rCorr}
  2959 | D:5      | Reached skill level 6 in Unarmed Combat
  2975 | D:5      | Found a runed translucent door.
  2976 | D:5      | Noticed Crazy Yiuf
  2988 | D:5      | Killed Crazy Yiuf
  3102 | D:5      | Reached ** piety under Okawaru
  3182 | D:5      | Reached XP level 8. HP: 78/78 MP: 7/7
  3568 | D:6      | Found a sparkling altar of Nemelex Xobeh.
  3602 | D:6      | Reached skill level 7 in Unarmed Combat
  4189 | D:6      | Reached skill level 8 in Unarmed Combat
  4255 | D:7      | Reached skill level 5 in Fighting
  4418 | D:7      | Found an ancient bone altar of Kikubaaqudgha.
  4450 | D:7      | Reached XP level 9. HP: 88/88 MP: 8/8
  4506 | D:7      | Reached *** piety under Okawaru
  4765 | D:8      | Received a gift from Okawaru
  4809 | D:8      | Noticed Grum
  4828 | D:8      | Killed Grum
  4840 | D:8      | Reached skill level 9 in Unarmed Combat
  4972 | D:8      | Identified the +5 scale mail "Nuihaduc" {+Inv rF+ Str+4
                  | SInv}
  5101 | D:8      | Reached **** piety under Okawaru
  5551 | D:9      | Found a staircase to the Orcish Mines.
  5729 | D:9      | Found a basalt altar of Yredelemnul.
  5770 | D:9      | Reached XP level 10. HP: 90/100 MP: 9/9
  5949 | D:9      | Noticed a gargoyle
  5954 | D:9      | Killed a gargoyle
  5998 | D:9      | Noticed a two-headed ogre
  6001 | D:9      | Killed a two-headed ogre
  6001 | D:9      | Reached ***** piety under Okawaru
  6002 | D:9      | Reached skill level 10 in Unarmed Combat
  6152 | D:10     | Entered Level 10 of the Dungeon
  6462 | D:10     | Noticed a two-headed ogre
  6467 | D:10     | Killed a two-headed ogre
  6467 | D:10     | Received a gift from Okawaru
  6550 | D:10     | Noticed a +0 dagger
  6552 | D:10     | Noticed a +0 spear
  6552 | D:10     | Noticed a +0 spear
  6553 | D:10     | Noticed a +0 falchion
  6553 | D:10     | Noticed a +0 dagger
  6553 | D:10     | Noticed a +0 falchion
  6553 | D:10     | Noticed a +0 short sword
  6554 | D:10     | Noticed a +0 short sword
  6555 | D:10     | Found a hide-covered altar of Uskayaw.
  6640 | D:10     | HP: 1/102 [killer bee (5)]
  6640 | D:10     | Slain by a killer bee

Illustrated notes

Levels and vault maps discovered:
D:1:      co_arrival_random_square_maze, layout_rooms
D:2:      layout_basic, hellmonk_ecumenical_altar_run_dry, basic_altar
D:3:      layout_basic
D:4:      layout_loops_cross, chei_slow_surprise, temple_doors_cd, serial_shops,
          nicolae_shop_trees, minivault_11, feat_on_display
D:5:      layout_gridville, mainiacjoe_overflow_cross_hatched,
          palyth_stone_intersect, nrook_mini_vaults, uniq_crazy_yiuf_cottage
D:6:      layout_loops_cross, nemelex_diamond_rough_becter, minmay_door_square
D:7:      layout_cave_pools, tgw_kikubaaqudgha
D:8:      layout_rooms, grunt_decor_one_mirror, minmay_fire_ice_demons,
          uniq_grum
D:9:      layout_roguey, general_overflow_altar, orc_0_dummy,
          lemuel_another_geyser
D:10:     layout_layer_cave, nicolae_uskayaw_en_pointe, kennysheep_mini
Temple:   regret_index_temple_generic_petals

Skill      XL: |  1  2  3  4  5  6  7  8  9 10 |
---------------+-------------------------------+-----
Unarmed Combat | 1 3 4 5 6 8 9 10 | 10.4
Fighting       | 2 3 4 5 6 7 |  7.5
Throwing       | 4 5 6 7 8 |  8.9
Dodging        | |  1.5
Stealth        | |  0.3

Action                   |  1- 3 |  4- 6 |  7- 9 | 10-12 || total
-------------------------+-------+-------+-------+-------++-------
Melee: Unarmed           |   131 |    36 |   212 |    49 ||   428
       Punch             |       |       |    10 |       ||    10
Throw: Large rock        |     4 |     1 |    21 |     4 ||    30
       Boomerang         |       |       |     5 |       ||     5
Evoke: Wand              |       |       |     1 |       ||     1
  Use: Scroll            |       |       |     6 |       ||     6
       Potion            |       |       |       |     2 ||     2
 Stab: Sleeping          |       |     1 |     1 |     1 ||     3
Armor: Robe              |    47 |     2 |    30 |       ||    79
       Acid dragon scale |       |       |    13 |    45 ||    58
Dodge: Dodged            |    59 |    14 |    80 |    44 ||   197
